AoeStats
← |GaoeG| flamingo

Oasis

509107084Analyzed
3v3 RM · 7d ago on Sep 25, 2026· 30m 38s· 6 players
Game mode
Random Map
Map size
Normal (6 player)
Population
200
Speed
Normal
Resources
Standard
Victory
Conquest
Starting age
Dark Age
Ending age
Imperial Age
RankedLock teamsTeams togetherTeam positionsShared explorationLock speedFull tech treeHidden civsTurbo modeCheats
Victory
Defeat
🇦🇷 Saracens · Argentina
1574
+8
🇦🇷 Ethiopians · Argentina
1537
+9
🇦🇷 Poles · Argentina
1501
+10
🇪🇸 Burgundians · Spain
1429
-12
🇪🇸 Khitans · Spain
1385
-9
🇪🇸 Saracens · Spain
1290
-6
[TOX2] satho
5:36 Loom
8:54 Feudal Age
10:52 Wheelbarrow
14:12 Fletching
16:52 Padded Archer Armor
18:02 Double-Bit Axe
18:02 Horse Collar
24:42 Castle Age
24:35 Gold Mining
25:30 Bodkin Arrow
24:56 Crossbowman
30:52 Imperial Age
28:57 Ballistics
28:54 Leather Archer Armor
29:00 Bow Saw
29:55 Heavy Plow
31:01 Thumb Ring
Konigs
6:28 Loom
6:31 Loom
9:17 Feudal Age
13:11 Fletching
16:27 Wheelbarrow
21:20 Castle Age
19:46 Padded Archer Armor
21:07 Gold Mining
21:08 Double-Bit Axe
21:09 Horse Collar
22:16 Bow Saw
22:02 Bodkin Arrow
21:33 Crossbowman
25:05 Ballistics
25:45 Leather Archer Armor
28:06 Thumb Ring
32:27 Imperial Age
abija
6:46 Loom
9:06 Feudal Age
9:53 Double-Bit Axe
9:49 Horse Collar
12:32 Wheelbarrow
18:57 Forging
18:54 Scale Barding Armor
23:32 Castle Age
22:00 Gold Mining
24:14 Husbandry
24:24 Bloodlines
25:49 Iron Casting
25:31 Bow Saw
26:32 Chain Barding Armor
|GaoeG| flamingo
6:22 Loom
9:17 Feudal Age
13:23 Fletching
14:39 Double-Bit Axe
15:14 Town Watch
19:06 Wheelbarrow
19:52 Padded Archer Armor
23:40 Castle Age
22:03 Gold Mining
24:08 Crossbowman
24:50 Bodkin Arrow
28:26 Bow Saw
28:59 Leather Archer Armor
JITANOmaleant7
5:57 Loom
9:47 Feudal Age
11:32 Double-Bit Axe
20:52 Domestication
22:47 Fletching
22:57 Padded Archer Armor
23:03 Padded Archer Armor
22:54 Fletching
26:34 Wheelbarrow
29:15 Castle Age
30:25 Bodkin Arrow
30:46 Leather Archer Armor
Skofilus
6:04 Double-Bit Axe
8:05 Loom
10:15 Feudal Age
10:47 Horse Collar
15:38 Town Watch
18:33 Castle Age
17:11 Scale Barding Armor
18:08 Gold Mining
19:17 Bow Saw
20:21 Chain Barding Armor
21:40 Husbandry
26:31 Wheelbarrow
Connection lost

Rejoining the realm…

Still unreachable

The connection could not be restored.

Session expired

The server has moved on; the page needs a fresh start.